 Dungeon Crawl Stone Soup version 0.31-a0-185-g9dded2c (webtiles) character file.

Game seed: 5927108462115716099

67 Agathadicida the Trooper (level 3, -1/30 HPs)
             Began as a Demonspawn Fighter on June 22, 2023.
             Slain by an orc priest
             ... wielding a +0 short sword
              (3 damage)
             ... on level 2 of the Dungeon.
             The game lasted 00:01:56 (695 turns).

Agathadicida the Trooper (Demonspawn Fighter)        Turns: 695, Time: 00:01:57

Health: -1/30      AC:  7    Str: 18    XL:     3   Next: 98%
Magic:  3/3        EV:  9    Int:  9    God:
Gold:   23         SH:  4    Dex: 12    Spells: 2/2 levels left

rFire   . . .        a - +0 war axe
rCold   . . .        c - +0 buckler
rNeg    . . .        b - +0 scale mail
rPois   .            l - +0 helmet
rElec   .            (no cloak)
rCorr   .            (no gloves)
SInv    .            (no boots)
Will    .....        (no amulet) Stlth
                     (no ring)
HPRegen 0.25/turn    (no ring)
MPRegen 0.08/turn

%: no passive effects
@: mighty, hasted, very quick
A: weakness stinger 2
a: no special abilities


You were on level 2 of the Dungeon.
You visited 1 branch of the dungeon, and saw 2 of its levels.

You collected 23 gold pieces.

Inventory:

Hand Weapons
 a - a +0 war axe (weapon)
 h - a +1 dagger of venom
Armour
 b - a +0 scale mail (worn)
 c - a +0 buckler (worn)
 l - a +0 helmet (worn)
Scrolls
 e - a scroll of poison {unknown}
 f - a scroll of teleportation {unknown}
 j - a scroll of vulnerability {unknown}
 k - a scroll of fog {unknown}
 m - 2 scrolls of identify {unknown}
Potions
 i - a potion of brilliance {unknown}


   Skills:
 * Level 3.9 Fighting
 * Level 3.0 Axes
 - Level 2.6 Armour
 - Level 2.6 Shields
 * Level 0.4 Unarmed Combat


You had 2 spell levels left.
You didn't know any spells.
Your spell library contained the following spells:

 Spells                   Type           Power      Damage    Failure   Level
 Ozocubu's Armour         Ice            0%         N/A       99%         3
 Metabolic Englaciation   Hex/Ice        0%         N/A       100%        5
 Simulacrum               Ice/Necr       0%         N/A       100%        6


Dungeon Overview and Level Annotations

Branches:
Dungeon (2/15)

Altars:

Annotations:
D:2 Sigmund


Innate Abilities, Weirdness & Mutations

You have a tail ending in a sharp stinger.


Message History

A jackal comes into view.
The jackal barks!
You slash the orc!
You kill the orc!
Sigmund mumbles some strange words.
Sigmund flickers and vanishes!
Deactivating autopickup; reactivate with Ctrl-A.
The orc priest hits you with a +0 short sword.
You completely miss the orc priest. Something hits you.
The orc priest hits you but does no damage.
You hit the orc priest but do no damage.
You slash the orc!
You kill the orc!
The orc priest hits you with a +0 short sword.
The jackal closely misses you. Something hits you.
The jackal closely misses you.
You hit the orc priest but do no damage.
You hit the jackal. You hit the jackal but do no damage.
The jackal bites you but does no damage.
The orc priest barely misses you. The jackal bites you.
The jackal bites you but does no damage.
You block something's attack.
The orc priest hits you with a +0 short sword.
The jackal barely misses you.
You slash the orc priest!
The orc priest is heavily wounded.
You closely miss the jackal. You slash the jackal!
You kill the jackal!
The orc priest hits you but does no damage.
Unknown command.
You feel very mighty all of a sudden. The jackal closely misses you.
Something hits you!
* * * LOW HITPOINT WARNING * * *
The jackal closely misses you. The jackal barely misses you.
The orc priest hits you but does no damage.
It was a potion of haste.
You feel yourself speed up. The jackal completely misses you.
The jackal bites you.
* * * LOW HITPOINT WARNING * * *
The orc priest hits you with a +0 short sword.
You die...

)..# #...# .
#...# .. #)..#
...######...####.
................[
>....{hh.........
#...o@.).......
##.####...####
#$..# ##
###<..###
...##.......#
#...........#
#.###.......##
#.##.........#
............)#


You could see an orc priest and 2 jackals.

Vanquished Creatures
  A gnoll (D:1)
  A worm (D:2)
  A dart slug (D:1)
  2 orcs (D:2)
  3 endoplasms (D:1)
  A giant cockroach (D:1)
  7 hobgoblins (D:1)
  5 jackals
  2 quokkas (D:1)
  7 ball pythons
  2 bats (D:1)
  4 goblins
  6 kobolds
  4 rats (D:1)
46 creatures vanquished.

Notes
Turn   | Place    | Note
-------+----------+-------------------------------------------
     0 | D:1      | Agathadicida the Demonspawn Fighter began the quest for the
                  | Orb.
     0 | D:1      | Reached XP level 1. HP: 18/18 MP: 1/1
    86 | D:1      | Discovered your monstrous ancestry.
    86 | D:1      | Gained mutation: You have a small tail. [demonic ancestry]
    86 | D:1      | Reached XP level 2. HP: 17/24 MP: 2/2
   222 | D:1      | Gained mutation: You have a tail ending in a sharp stinger.
                  | [demonic ancestry]
   222 | D:1      | Reached XP level 3. HP: 28/30 MP: 3/3
   686 | D:2      | Noticed Sigmund
   695 | D:2      | Slain by an orc priest

Illustrated notes

Levels and vault maps discovered:
D:1:      nagdon_arrival_zigzag_paths, layout_rooms, minmay_pentomino_u4
D:2:      layout_loops_cross, uniq_sigmund

Skill      XL: |  1  2  3 |
---------------+----------+-----
Axes           | 2 3 |  3.0
Fighting       | |  3.9
Armour         | |  2.6
Shields        | |  2.6
Unarmed Combat | |  0.4

Action                     || total
---------------------------++-------
  Melee: War axe           ||    85
         Tailslap          ||     6
    Use: Potion            ||     2
 Armour: Scale mail        ||    47
  Dodge: Dodged            ||    47
  Block: Buckler           ||    18

Table legend: (Time is in decaauts)
 A = Elapsed time spent in this place.
 B = Non-inter-level travel time spent in this place.
 C = Inter-level travel time spent in this place.
 D = Time resting spent in this place.
 E = Time spent auto-exploring this place.
 F = Levels seen in this place.
 G = Mean time per level.
                   A        B        C        D        E       F      G
               +--------+--------+--------+--------+--------+-----+--------+
         Total |    729 |    708 |     21 |      0 |    484 |   2 |  364.5 |
       Dungeon |    729 |    708 |     21 |      0 |    484 |   2 |  364.5 |
               +--------+--------+--------+--------+--------+-----+--------+

Top non-repeatable levels by time:
     D:1: 696 daAuts
     D:2: 33 daAuts
